 Dungeon Crawl Stone Soup version 0.27-a0-1591-gc56fcc985a (webtiles) character file.

Game seed: 12113340663461852281

183 Anon1729 the Slasher (level 5, -5/41 (47) HPs)
             Began as a Minotaur Monk on July 19, 2021.
             Was a Believer of Uskayaw.
             Slain by a wight (15 damage)
             ... on level 3 of the Dungeon.
             The game lasted 00:02:11 (2195 turns).

Anon1729 the Slasher (Minotaur Monk)                Turns: 2195, Time: 00:02:12

HP:   -5/41 (47)    AC:  7    Str: 17    XL:     5   Next: 35%
MP:   2/5           EV: 12    Int:  7    God:    Uskayaw [**....]
Gold: 46            SH:  0    Dex: 12    Spells: 4/4 levels left

rFire    . . .     SeeInvis .   a - +0 falchion
rCold    . . .     Faith    .   (no shield)
rNeg     . . .     Spirit   .   h - +3 leather armour
rPois    .         Reflect  .   (helmet restricted)
rElec    .         Harm     .   (no cloak)
rCorr    .         Rampage  .   (no gloves)
Will     .....                  j - +0 pair of boots
Stlth    ++........             (no amulet)
HPRegen  0.13/turn              (no ring)
MPRegen  0.09/turn              (no ring)

@: heavily drained
A: horns 2, retaliatory headbutt
a: Renounce Religion, Stomp, Line Pass


You were on level 3 of the Dungeon.
You worshipped Uskayaw.
Uskayaw was noncommittal.
You visited 1 branch of the dungeon, and saw 3 of its levels.

You collected 46 gold pieces.

Inventory:

Hand Weapons
 a - a +0 falchion (weapon)
Armour
 b - a +0 robe
 f - a +1 ring mail of positive energy
 h - a +3 leather armour (worn)
 j - a +0 pair of boots (worn)
Jewellery
 g - a +6 ring of strength
Scrolls
 e - 2 scrolls of identify {unknown}
Potions
 c - a potion of mutation {unknown}
 d - a potion of flight {unknown}
 i - a potion of attraction {unknown}
 k - a potion of degeneration {unknown}


   Skills:
 + Level 4.5 Fighting
 * Level 5.2 Long Blades
 + Level 2.1 Armour
 + Level 4.1 Dodging
 - Level 1.8 Stealth
 + Level 1.4 Invocations


You had 4 spell levels left.
You didn't know any spells.
Your spell library was empty.

Dungeon Overview and Level Annotations

Branches:
Dungeon (3/15)

Altars:
Uskayaw

Shops:
D:1 [


Innate Abilities, Weirdness & Mutations

You have a pair of horns on your head.
You reflexively headbutt those who attack you in melee.


Message History

The wight is heavily damaged.
The wight misses you. The wight barely misses you.
You completely miss the wight. You headbutt the wight!
You destroy the wight!
The wight hits you but does no damage.
Your Armour skill increases to level 2!
You hit the wight but do no damage. Your headbutt misses the wight.
The wight hits you with a +0 battleaxe! The wight hits you with a +0 scimitar.
You feel drained. The wight closely misses you.
You riposte.
You hit the wight.
The wight is moderately damaged.
The wight hits you with a +0 battleaxe.
You feel drained.
There is a stone staircase leading down, spattered with blood here.
You are too injured to fight recklessly!
You are too injured to fight recklessly!
You are too injured to fight recklessly!
You closely miss the wight. You headbutt the wight.
The wight is moderately damaged.
The wight barely misses you. You furiously retaliate!
You headbutt the wight, but do no damage.
You hit the wight.
The wight is heavily damaged.
A wight comes into view. It is wielding a +0 great sword.
The wight hits you but does no damage.
You hit the wight but do no damage.
The wight is heavily damaged.
The wight barely misses you.
You hit the wight but do no damage.
The wight is heavily damaged.
The wight hits you with a +0 battleaxe!
* * * LOW HITPOINT WARNING * * *
You feel drained.
* * * LOW HITPOINT WARNING * * *
You stomp with the beat, sending a shockwave through the revellers around you!
The wight is severely damaged.
You don't have enough magic at the moment.
You hit the wight.
You headbutt the wight, but do no damage.
The wight is severely damaged.
The wight hits you with a +0 battleaxe!
You die...

#.##.# #.#........#
###.##.#######...####.#.#
#..................#
#.#####.##.####..#.#
#########.# #.##.# #..#.#
..........# #.##.####.)#
# .########.#
#......#...#.##.# .#
#.#####..# #.....)......
.# #......(@#
#..........## .#
########z###>.z....####
.# #......zz...#...#.# ##
#.############.##... #.#
##.# #.# .# #.# # .#


You could see 3 wights.

Vanquished Creatures
  A wight (D:3)
  4 gnolls
  3 adders
  4 worms (D:2)
  A dart slug (D:1)
  4 bats
  4 endoplasms
  A giant cockroach (D:2)
  9 goblins
  4 hobgoblins
  8 kobolds
  4 quokkas
  11 ball pythons
  3 frilled lizards
  2 rats (D:1)
63 creatures vanquished.

Notes
Turn   | Place    | Note
-------+----------+-------------------------------------------
     0 | D:1      | Anon1729 the Minotaur Monk began the quest for the Orb.
     0 | D:1      | Reached XP level 1. HP: 19/19 MP: 0/0
   276 | D:1      | Reached XP level 2. HP: 23/27 MP: 1/1
   330 | D:1      | Found Umnell's Antique Armour Boutique.
   544 | D:1      | Found a faded altar of an unknown god.
   555 | D:1      | Became a worshipper of Uskayaw the Reveller
   555 | D:1      | Reached * piety under Uskayaw
   555 | D:1      | Reached ** piety under Uskayaw
   566 | D:1      | Reached skill level 4 in Long Blades
   567 | D:1      | Reached *** piety under Uskayaw
   683 | D:1      | Reached XP level 3. HP: 33/33 MP: 2/2
   912 | D:1      | Reached skill level 1 in Armour
  1325 | D:2      | You fall into a shaft and drop 1 floor!
  1382 | D:2      | Reached XP level 4. HP: 26/40 MP: 3/3
  1654 | D:2      | Reached skill level 1 in Invocations
  2096 | D:3      | Reached XP level 5. HP: 47/47 MP: 4/4
  2169 | D:3      | Reached skill level 5 in Long Blades
  2195 | D:3      | Slain by a wight

Illustrated notes

Levels and vault maps discovered:
D:1:      dpeg_arrival_brainrot, layout_loops_corners, serial_shops,
          nicolae_lakefront_shop, chequers_ecumenical_altar_twisty
D:2:      layout_basic, st_stairs_8, minmay_tromino_v4_b
D:3:      layout_loops_ring, hellmonk_ghost_happy_afterlife

Skill      XL: |  1  2  3  4  5 |
---------------+----------------+-----
Long Blades    | 4 5 |  5.2
Fighting       | 4 |  4.5
Armour         | 1 2 |  2.1
Invocations    | 1 |  1.4
Dodging        | 4 |  4.1
Stealth        | |  1.8

Action                   |  1- 3 |  4- 6 || total
-------------------------+-------+-------++-------
Melee: Falchion          |    71 |    63 ||   134
       Headbutt          |    15 |    10 ||    25
Invok: Stomp             |       |     1 ||     1
 Stab: Sleeping          |     2 |     1 ||     3
       Paralysed         |       |     1 ||     1
Armor: Robe              |     2 |       ||     2
       Ring mail         |    20 |       ||    20
       Leather armour    |       |    20 ||    20
Dodge: Dodged            |    46 |    46 ||    92
       Rpst.: Falchion   |    12 |    12 ||    24

Table legend: (Time is in decaauts)
 A = Elapsed time spent in this place.
 B = Non-inter-level travel time spent in this place.
 C = Inter-level travel time spent in this place.
 D = Time resting spent in this place.
 E = Time spent auto-exploring this place.
 F = Levels seen in this place.
 G = Mean time per level.
                   A        B        C        D        E       F      G
               +--------+--------+--------+--------+--------+-----+--------+
         Total |   2205 |   2145 |     60 |    156 |   1607 |   3 |  735.0 |
       Dungeon |   2205 |   2145 |     60 |    156 |   1607 |   3 |  735.0 |
               +--------+--------+--------+--------+--------+-----+--------+

Top non-repeatable levels by time:
     D:1: 1129 daAuts
     D:2: 813 daAuts
     D:3: 262 daAuts
